 Dungeon Crawl Stone Soup version 0.22.1-2-g9c5b331 (webtiles) character file.

7 MalarOregon the Chiller (level 2, -1/20 HPs)
             Began as a Merfolk Ice Elementalist on Nov 19, 2018.
             Slain by a gnoll
             ... wielding a +0 flail
              (10 damage)
             ... on level 1 of the Dungeon.
             The game lasted 00:01:10 (308 turns).

MalarOregon the Chiller (Merfolk Ice Elementalist)   Turns: 308, Time: 00:01:10

Health: -1/20      AC:  2    Str:  8    XL:     2   Next: 4%
Magic:  4/5        EV: 13    Int: 14    God:
Gold:   27         SH:  0    Dex: 14    Spells: 2/5 levels left

rFire    . . .     SeeInvis .   a - +0 spear
rCold    . . .     Gourm    .   (no shield)
rNeg     . . .     Faith    .   b - +0 robe
rPois    .         Spirit   .   (no helmet)
rElec    .         Reflect  .   (no cloak)
rCorr    .         Harm     .   (no gloves)
MR       .....                  (no boots)
Stlth    ++........             (no amulet)
HPRegen  0.06/turn              (no ring)
MPRegen  0.09/turn              (no ring)

@: no status effects
A: change form in water, swift swim, stealthy swim
a: no special abilities


You were on level 1 of the Dungeon.
You were not hungry.

You visited 1 branch of the dungeon, and saw 1 of its levels.

You collected 27 gold pieces.

Inventory:

Hand Weapons
 a - a +0 spear (weapon)
   (You found it on level 1 of the Dungeon)
Missiles
 h - 5 tomahawks (quivered)
Armour
 b - a +0 robe (worn)
Scrolls
 d - a scroll of identify {unknown}
Potions
 f - a potion of brilliance {unknown}
 g - a potion of ambrosia {unknown}
 i - a potion of degeneration {unknown}
 j - a potion of flight {unknown}
Comestibles
 c - 6 chunks of flesh
 e - a ration {!d}


   Skills:
 + Level 0.3 Fighting
 * Level 1.2 Polearms
 + Level 2.8 Dodging
 - Level 2.1 Stealth
 + Level 2.0 Spellcasting
 - Level 0.7 Conjurations
 * Level 3.4 Ice Magic


You had 2 spell levels left.
You knew the following spells:

 Your Spells              Type           Power        Failure   Level  Hunger
a - Freeze                Ice            ##..         6%          1    ##.....
x - Throw Frost           Conj/Ice       #.....       16%         2    ###....

Your spell library contained the following spells:

 Spells                   Type           Power        Failure   Level  Hunger
 Ozocubu's Armour         Chrm/Ice       #.......     34%         3    ####...
 Throw Icicle             Conj/Ice       #.......     69%         4    #####..
 Summon Ice Beast         Ice/Summ       #.......     75%         4    #####..


Dungeon Overview and Level Annotations

Branches:
Dungeon (1/15)

Altars:


Message History

There is an open door here.
You now have 22 gold pieces (gained 6).
You open the door.
There is an open door here.
You open the door.
There is an open door here.
You open the door.
There is an open door here.
There is an open door here.
There is an open door here.
Found a fuming blue potion.
Found 19 stones.
Found 5 gold pieces.
A frilled lizard comes into view.
The frilled lizard hisses angrily.
You see here a fuming blue potion.
A frilled lizard is nearby!
A frilled lizard is nearby!
Attack whom?
Aim: a frilled lizard You reach to attack!
You closely miss the frilled lizard. You barely miss the frilled lizard.
The frilled lizard misses you.
You completely miss the frilled lizard.
The frilled lizard bites you but does no damage.
You miss the frilled lizard. The frilled lizard barely misses you.
You hit the frilled lizard. The frilled lizard barely misses you.
You hit the frilled lizard but do no damage.
The frilled lizard bites you but does no damage.
You completely miss the frilled lizard.
The frilled lizard bites you but does no damage.
You barely miss the frilled lizard. The frilled lizard closely misses you.
You closely miss the frilled lizard. The frilled lizard closely misses you.
You hit the frilled lizard.
You kill the frilled lizard!
No target in view!
Memorise Throw Frost, consuming 2 spell levels and leaving 2?
You start memorising the spell.
You continue memorising. x2
You finish memorising.
Spell assigned to 'x'.
j - a fuming blue potion You now have 27 gold pieces (gained 5).
Some of the chunks of flesh in your inventory have rotted away.
A gnoll comes into view. It is wielding a flail.
The gnoll shouts!
You hit the gnoll. The gnoll hits you with a flail!
Ouch! That really hurt!
* * * LOW HITPOINT WARNING * * *
Aim: a gnoll, wielding a flail (moderately wounded)
You freeze the gnoll. The gnoll hits you with a flail!
Ouch! That really hurt!
You die...

########.##
#.#######...##
#......#.#.#.##
######..#...#.########
#....#...........
##.#.#.(.........
##....#.#..######.
#..###.###.# #.
#@....#.#..# #.
#g###.#..### #. ... #
#.## #. ##.#.
..#########.
#.#............... ..#
## ########.#. ###
#.#. #.#. #####.#.


You could see a gnoll.

Vanquished Creatures
  A leopard gecko (D:1)
  2 hobgoblins (D:1)
  A frilled lizard (D:1)
  A goblin (D:1)
  A kobold (D:1)
  A rat (D:1)
7 creatures vanquished.

Notes
Turn   | Place    | Note
-------+----------+-------------------------------------------
     0 | D:1      | MalarOregon the Merfolk Ice Elementalist began the quest
                  | for the Orb.
     0 | D:1      | Reached XP level 1. HP: 13/13 MP: 3/3
     2 | D:1      | Noticed a human
     2 | D:1      | Noticed a centaur
     4 | D:1      | Noticed a felid
     4 | D:1      | Noticed a demonspawn
     6 | D:1      | Noticed a tengu
     6 | D:1      | Noticed a gargoyle
     8 | D:1      | Noticed an elf
    10 | D:1      | Noticed a vine stalker
    10 | D:1      | Noticed an octopode
    12 | D:1      | Noticed a naga
    12 | D:1      | Noticed a draconian
    14 | D:1      | Noticed a minotaur
    14 | D:1      | Noticed a halfling
    16 | D:1      | Noticed a demigod
    18 | D:1      | Noticed a spriggan
    18 | D:1      | Noticed a vampire
    20 | D:1      | Noticed an ogre
    20 | D:1      | Noticed a troll
    22 | D:1      | Noticed a ghoul
    22 | D:1      | Noticed a dwarf
    24 | D:1      | Noticed a formicid
    26 | D:1      | Noticed a merfolk
   141 | D:1      | Reached skill level 1 in Polearms
   197 | D:1      | Reached XP level 2. HP: 16/20 MP: 5/5
   288 | D:1      | Learned a level 2 spell: Throw Frost
   308 | D:1      | Slain by a gnoll

Skill      XL: |  1 |
---------------+----+-----
Polearms       | 1 |  1.2
Fighting       | |  0.3
Dodging        | |  2.8
Stealth        | |  2.1
Spellcasting   | |  2.0
Conjurations   | |  0.7
Ice Magic      | |  3.4

Action                   || total
-------------------------++-------
Melee: Spear             ||    25
 Cast: Freeze            ||     7
 Stab: Sleeping          ||     2
Armor: Robe              ||     3
Dodge: Dodged            ||    14
